Map: Beckett Industries LE

Players

freebuttouch

  • Race: Zerg Zerg
  • League: Diamond

neogupi - Winner!

  • Race: Zerg Zerg
  • League: Platinum

VOD

Have the link to the VOD?

Description

Time

  • Played on: Aug. 26, 2021, 7:08 p.m.
  • Length: 14:32
Show
View Real Time Build Order
Export as new Build Order

freebuttouch Zerg 

Build Orders: Pool First, Lurkers 

Get SALT Encoding   

  12  0:00  Drone  
  13  0:12  Overlord  
  13  0:19  Drone  
  14  0:30  Drone x2  
  16  0:53  Drone x2, Extractor, Spawning Pool  
  16  0:55  Drone  
  17  1:09  Drone  
  18  1:35  Hatchery  
  18  1:39  Queen  
  19  1:40  Zergling x2  
  19  1:41  Zergling x2  
  19  1:44  Zergling x2  
  22  1:57  Overlord  
  22  2:05  Overlord  
  22  2:16  Drone  
  23  2:38  Zergling x4  
  23  2:52  Drone x5  
  28  3:01  Hatchery  
  26  3:06  Drone x2  
  26  3:08  Drone  
  29  3:17  Drone, Queen  
  32  3:22  Metabolic Boost  
  32  3:33  Roach Warren  
  32  3:34  Drone x2  
  32  3:37  Drone  
  32  3:40  Drone  
  33  3:42  Drone  
  33  3:46  Drone  
  35  3:51  Drone  
  35  3:54  Lair  
  36  3:59  Drone  
  36  4:01  Drone  
  38  4:07  Drone  
  39  4:16  Zergling x6  
  42  4:24  Pneumatized Carapace  
  42  4:25  Drone x2  
  42  4:27  Drone  
  42  4:28  Drone  
  42  4:30  Drone x2  
  48  4:35  Drone  
  48  4:36  Drone  
  48  4:38  Overlord  
  50  4:50  Zergling x2  
  50  4:51  Zergling x2  
  50  4:57  Overlord  
  50  4:58  Overlord  
  51  5:00  Zergling x4  
  51  5:04  Queen  
  54  5:08  Glial Reconstitution  
  54  5:10  Roach  
  52  5:25  Evolution Chamber  
  52  5:26  Evolution Chamber  
  51  5:28  Evolution Chamber, Zergling x2  
  51  5:29  Zergling x2  
  51  5:30  Evolution Chamber  
  51  5:31  Spine Crawler  
  51  5:32  Spine Crawler, Evolution Chamber  
  51  5:34  Spine Crawler  
  46  5:37  Roach  
  46  5:41  Drone x6  
  46  5:42  Drone  
  55  5:48  Extractor, Queen  
  56  5:54  Drone x5  
  63  6:04  Spore Crawler  
  63  6:05  Drone x3  
  63  6:06  Spine Crawler  
  64  6:11  Drone x2  
  66  6:20  Extractor  
  66  6:21  Drone  
  66  6:22  Extractor  
  66  6:23  Overlord x4  
  65  6:29  Zerg Missile Weapons Level 1  
  65  6:42  Drone x3  
  65  6:43  Drone  
  65  6:44  Drone  
  65  6:45  Drone x3  
  73  6:47  Drone x3  
  73  6:48  Drone  
  77  6:54  Extractor, Drone  
  77  6:55  Extractor  
  77  6:58  Drone x2  
  77  7:00  Drone x3  
  81  7:01  Drone x3  
  84  7:09  Drone x2  
  86  7:16  Roach  
  86  7:17  Spine Crawler, Roach  
  86  7:18  Overlord x2  
  86  7:19  Overlord  
  89  7:23  Hatchery  
  89  7:27  Drone  
  89  7:28  Zerg Ground Armor Level 1  
  89  7:43  Roach x9  
  107  7:49  Roach  
  109  7:52  Roach  
  109  7:53  Roach  
  111  8:02  Roach x2  
  111  8:06  Overlord  
  111  8:07  Overlord x7  
  111  8:16  Roach  
  113  8:32  Roach x2  
  113  8:33  Roach x6  
  129  8:38  Queen  
  129  8:40  Drone x7  
  138  8:46  Infestation Pit  
  137  8:49  Hydralisk Den  
  137  8:51  Roach  
  137  8:52  Roach x5  
  148  9:00  Roach x5  
  149  9:22  Roach  
  149  9:23  Roach x11  
  169  9:39  Roach x7  
  169  9:41  Overlord  
  169  9:42  Overlord x2  
  173  9:54  Roach  
  173  9:55  Roach x9  
  165  10:07  Roach  
  165  10:08  Roach x5  
  175  10:21  Roach x5  
  173  10:40  Roach x3  
  173  10:41  Roach x6  
  191  10:45  Zerg Missile Weapons Level 2, Zerg Ground Armor Level 2  
  191  10:49  Hydralisk x4, Muscular Augments  
  195  11:20  Hydralisk x2  
  199  11:29  Overseer  
  199  11:31  Overseer  
  199  11:40  Hive  
  199  11:41  Lurker Den  
  199  11:42  Spore Crawler  
  199  11:45  Spore Crawler x2  
  199  11:46  Hydralisk  
  199  11:47  Hydralisk  
  199  12:00  Grooved Spines  
  145  12:15  Hydralisk x12  
  111  12:16  Hydralisk x13  
  109  12:47  Lurker x3  
  109  12:48  Lurker  
  109  12:51  Lurker  
  107  12:52  Extractor  
  107  12:53  Extractor, Spore Crawler  
  107  12:55  Spine Crawler  
  80  13:16  Roach x3  
  80  13:17  Roach x17  
  106  13:20  Hatchery  
  95  13:38  Lurker x2  
  60  13:56  Extractor  
  60  14:00  Extractor  
  60  14:02  Roach  
  49  14:03  Roach x10  
  62  14:13  Overseer x5  
Show
View Real Time Build Order
Export as new Build Order

neogupi Zerg - Winner!

Build Orders: Hatch First, Lurkers 

Get SALT Encoding   

  12  0:02  Drone  
  13  0:13  Overlord  
  13  0:19  Drone  
  14  0:32  Drone x2  
  16  0:36  Drone  
  17  0:47  Drone  
  18  1:00  Drone  
  18  1:05  Hatchery  
  18  1:10  Drone  
  18  1:16  Extractor  
  17  1:24  Spawning Pool  
  17  1:25  Drone  
  17  1:29  Drone  
  18  1:40  Drone  
  19  1:51  Drone  
  20  2:02  Drone  
  21  2:15  Spine Crawler, Zergling x2  
  21  2:16  Queen  
  23  2:24  Zergling x4  
  24  2:45  Overlord x2  
  25  3:03  Queen  
  25  3:04  Metabolic Boost  
  27  3:10  Queen  
  29  3:16  Drone  
  29  3:17  Drone x5  
  35  3:33  Drone  
  36  3:39  Overlord x2  
  36  3:46  Overlord  
  36  3:57  Drone  
  36  3:58  Drone x6, Extractor  
  42  4:03  Drone x2  
  44  4:15  Overlord  
  44  4:23  Drone  
  45  4:25  Drone x2  
  45  4:31  Evolution Chamber  
  46  4:32  Drone x4, Evolution Chamber  
  46  4:34  Roach Warren  
  46  4:35  Extractor  
  46  4:36  Extractor  
  46  4:45  Drone  
  46  4:51  Zergling x4  
  49  4:57  Drone x4  
  53  5:01  Zerg Ground Armor Level 1, Zerg Missile Weapons Level 1  
  50  5:29  Drone x2  
  50  5:30  Zergling x6  
  50  5:33  Lair  
  53  5:46  Drone, Hatchery  
  53  5:48  Roach  
  53  5:49  Roach x6  
  67  6:06  Overlord x3  
  67  6:07  Overlord  
  67  6:24  Queen  
  69  6:29  Drone  
  69  6:30  Drone x6  
  76  6:56  Drone x8  
  76  6:58  Queen  
  76  6:59  Queen  
  88  7:10  Hydralisk Den  
  88  7:11  Drone  
  88  7:12  Drone x2, Infestation Pit  
  88  7:14  Extractor  
  88  7:16  Extractor  
  87  7:24  Roach  
  87  7:25  Roach x4  
  87  7:27  Zerg Missile Weapons Level 2, Zerg Ground Armor Level 2  
  87  7:28  Glial Reconstitution, Hatchery  
  96  7:35  Overlord x2  
  94  7:44  Drone x3  
  94  7:46  Drone x2  
  96  8:04  Drone x4  
  96  8:19  Drone x2  
  98  8:20  Drone x6  
  98  8:21  Drone x2  
  98  8:24  Overlord  
  106  8:27  Grooved Spines  
  106  8:29  Hive  
  106  8:32  Lurker Den  
  105  8:37  Drone  
  105  8:38  Drone x7  
  113  8:48  Roach x5  
  123  8:51  Ravager x6  
  129  8:56  Extractor x2  
  127  9:04  Roach  
  127  9:05  Roach x3  
  130  9:15  Roach  
  130  9:16  Roach x6  
  124  9:28  Roach  
  124  9:29  Roach x9  
  134  9:38  Roach x2  
  126  9:39  Muscular Augments, Roach x2  
  132  9:45  Overlord x2  
  132  9:46  Overlord x2  
  126  9:55  Roach  
  126  9:56  Roach x3  
  126  9:58  Ravager  
  114  10:02  Roach x4  
  104  10:09  Ravager  
  99  10:14  Roach  
  99  10:15  Roach x4  
  93  10:26  Roach x6  
  88  10:36  Roach x3  
  94  10:43  Seismic Spines  
  94  10:44  Hydralisk x5  
  94  10:47  Zerg Missile Weapons Level 3  
  104  10:54  Roach x2  
  104  10:56  Hatchery  
  104  11:09  Lurker  
  104  11:10  Lurker x2  
  107  11:12  Lurker  
  100  11:22  Lurker  
  101  11:40  Adaptive Talons  
  101  11:41  Spine Crawler  
  101  11:44  Spine Crawler, Roach  
  101  11:45  Roach x9  
  115  12:06  Roach x5  
  115  12:07  Roach  
  118  12:31  Hatchery  
  115  12:43  Roach  
  122  12:44  Roach x5  
  122  12:46  Pneumatized Carapace  
  110  13:14  Roach  
  110  13:15  Roach x3  
  102  13:32  Drone x6  
  94  14:00  Roach  
  94  14:01  Roach x6  
  89  14:10  Drone x2  
Tags
 
Add a new tag
Caveats
  • Supply blocks, unpowered buildings, or Contaminate may cause inaccurate times.
  • Supply counts are checked every 10 seconds.